[Event "Hastings Masters"]
[Site "?"]
[Date "2009.12.31"]
[Round "4"]
[White "Philippe, Christophe"]
[Black "Howell, David W L"]
[Result "1/2-1/2"]
[ECO "C55"]
[WhiteElo "2430"]
[BlackElo "2597"]
[PlyCount "97"]
[EventDate "2009.??.??"]
[SourceDate "2009.12.31"]
[TimeControl "40/6000+30:20/3000+30:900+30"]

1. e4 e5 2. Nf3 Nc6 3. Bc4 Nf6 4. d3 Be7 5. O-O O-O 6. Re1 d6 7. a4 Kh8 8. h3
Ng8 9. Nc3 f5 10. Nd5 fxe4 11. dxe4 Nf6 12. Ng5 Nxd5 13. Nxh7 Rf4 14. g3 Qe8
15. Qxd5 Nd4 16. Bxf4 c6 17. Qf7 Qxf7 18. Bxf7 exf4 19. Red1 Nf3+ 20. Kg2 Ne5
21. Bh5 Kxh7 22. gxf4 Nd7 23. Bg4 Nf6 24. f3 g6 25. c4 a5 26. Rd3 Nd7 27. Rad1
Nc5 28. Rxd6 Bxd6 29. Rxd6 Bxg4 30. hxg4 Re8 31. f5 gxf5 32. exf5 Re7 33. g5
Re5 34. Rf6 Kg7 35. f4 Re3 36. Rh6 Nd3 37. f6+ Kg8 38. f5 Nf4+ 39. Kf2 Rh3 40.
Rxh3 Nxh3+ 41. Ke3 Nxg5 42. Kd4 Kf7 43. Kc5 Ne4+ 44. Kb6 Nd2 45. c5 Nc4+ 46.
Kxb7 Nxb2 47. Kxc6 Nxa4 48. Kb5 Nxc5 49. Kxa5 1/2-1/2

[Event "Hastings Masters"]
[Site "?"]
[Date "2009.12.31"]
[Round "4"]
[White "Drozdovskij, Yuri"]
[Black "Demac, Elias"]
[Result "1-0"]
[ECO "A87"]
[WhiteElo "2625"]
[BlackElo "2084"]
[PlyCount "69"]
[EventDate "2009.??.??"]
[SourceDate "2009.12.31"]
[TimeControl "40/6000+30:20/3000+30:900+30"]

1. d4 f5 2. g3 Nf6 3. Bg2 g6 4. c4 Bg7 5. Nf3 O-O 6. Nc3 d6 7. O-O Qe8 8. d5 a5
9. Ne1 Na6 10. Nd3 Bd7 11. Bd2 Rb8 12. Rc1 c6 13. b3 Nb4 14. a3 Nxd3 15. exd3
e5 16. dxe6 Bxe6 17. Re1 Qf7 18. Ne2 Ra8 19. Bc3 Bh6 20. f4 Qc7 21. Qd2 Bg7 22.
Kh1 Bf7 23. Nd4 Qb6 24. Qb2 Rae8 25. Nxf5 gxf5 26. Bxf6 Bxf6 27. Qxf6 Qxb3 28.
Qxf5 Qxa3 29. Be4 Bg6 30. Qg4 Qc5 31. Bxg6 Rxe1+ 32. Rxe1 hxg6 33. Qxg6+ Kh8
34. Re7 Qf2 35. Rh7# 1-0

[Event "Hastings Masters"]
[Site "?"]
[Date "2009.12.31"]
[Round "4"]
[White "Istratescu, Andrei ROU"]
[Black "Breder, Dennis"]
[Result "1-0"]
[ECO "C65"]
[WhiteElo "2624"]
[BlackElo "2427"]
[PlyCount "141"]
[EventDate "2009.??.??"]
[SourceDate "2009.12.31"]
[TimeControl "40/6000+30:20/3000+30:900+30"]

1. e4 e5 2. Nf3 Nc6 3. Bb5 Nf6 4. Qe2 Bc5 5. c3 O-O 6. d3 Re8 7. Nbd2 a6 8. Ba4
Bf8 9. Nf1 b5 10. Bb3 Na5 11. Bc2 d5 12. Bg5 dxe4 13. dxe4 h6 14. Bh4 Nc4 15.
Rd1 Qe7 16. b3 Na3 17. Bd3 Qe6 18. Bg3 Qc6 19. Rc1 Bd6 20. N1d2 b4 21. c4 Nb5
22. Nb1 Bg4 23. Qb2 Nc3 24. c5 Qxc5 25. Nxc3 bxc3 26. Rxc3 Qa7 27. O-O Bxf3 28.
gxf3 a5 29. Bb5 Re7 30. Rfc1 Qb8 31. Bc6 Ra6 32. Qe2 Rb6 33. Rc4 Rb4 34. Qd2
Nh5 35. Bd5 Qa7 36. Rc6 Re8 37. R1c4 Re7 38. Qc1 Kh7 39. Qf1 g6 40. Bh4 f6 41.
Bg3 Ng7 42. Qd3 Nh5 43. Kg2 Ng7 44. Qe3 Qxe3 45. fxe3 Rxc4 46. bxc4 Bb4 47.
Rxf6 Nh5 48. Rc6 Nxg3 49. hxg3 Bd2 50. Kf2 h5 51. Ke2 Bb4 52. f4 Rd7 53. Kf3
Ba3 54. Re6 Bd6 55. c5 Bxc5 56. Rxe5 Bd6 57. Re8 g5 58. e5 Bc5 59. Ke4 h4 60.
gxh4 gxh4 61. Be6 Rd2 62. Kf5 Rg2 63. Bd5 h3 64. Be4 Kg7 65. Rc8 Bxe3 66. Rxc7+
Kf8 67. Kf6 Ke8 68. Bxg2 hxg2 69. Rc8+ Kd7 70. Rg8 g1=Q 71. e6+ 1-0

[Event "Hastings Masters"]
[Site "?"]
[Date "2009.12.31"]
[Round "4"]
[White "Franklin, Samuel G A"]
[Black "Edouard, Romain"]
[Result "0-1"]
[ECO "B90"]
[WhiteElo "2139"]
[BlackElo "2620"]
[PlyCount "80"]
[EventDate "2009.??.??"]
[SourceDate "2009.12.31"]
[TimeControl "40/6000+30:20/3000+30:900+30"]

1. e4 c5 2. Nf3 d6 3. d4 cxd4 4. Nxd4 Nf6 5. Nc3 a6 6. f3 e5 7. Nb3 Be6 8. Be3
h5 9. Qd2 Nbd7 10. a4 Rc8 11. Be2 Be7 12. O-O g6 13. a5 h4 14. Nc1 Qc7 15. Nd3
d5 16. exd5 Nxd5 17. Nxd5 Bxd5 18. Nb4 Be6 19. Nd5 Bxd5 20. Qxd5 Nf6 21. Qb3
Bc5 22. Rf2 Bxe3 23. Qxe3 Nd5 24. Qe4 Nf4 25. Re1 Kf8 26. Bf1 Re8 27. Qb4+ Kg7
28. c4 Rd8 29. Rd2 Rxd2 30. Qxd2 Rd8 31. Qe3 f6 32. b4 Ne6 33. Qe4 Rd4 34. Qb1
Qd6 35. Qb3 Rd2 36. Kh1 h3 37. g3 Nd4 38. Qc3 Rc2 39. Qe3 Qxb4 40. Bd3 Rd2 0-1

[Event "Hastings Masters"]
[Site "?"]
[Date "2009.12.31"]
[Round "4"]
[White "Hebden, Mark L"]
[Black "Grant, David J"]
[Result "1-0"]
[ECO "D30"]
[WhiteElo "2522"]
[BlackElo "2020"]
[PlyCount "55"]
[EventDate "2009.??.??"]
[SourceDate "2009.12.31"]
[TimeControl "40/6000+30:20/3000+30:900+30"]

1. d4 d5 2. Nf3 Nf6 3. c4 e6 4. Bg5 dxc4 5. Qa4+ Nbd7 6. e4 Be7 7. Nbd2 O-O 8.
Bxc4 c5 9. e5 Nd5 10. Bxe7 Qxe7 11. Bxd5 exd5 12. O-O cxd4 13. Qxd4 Nb6 14.
Rfe1 Be6 15. Nf1 Rac8 16. b3 Qc5 17. Qh4 a6 18. Nd4 Rfe8 19. Ng3 Nd7 20. Rad1
h6 21. f4 Nf8 22. f5 Bd7 23. Qf4 Re7 24. Nh5 Rce8 25. Qg3 g5 26. Nf6+ Kh8 27.
Qh3 Kg7 28. Ng4 1-0

[Event "Hastings Masters"]
[Site "?"]
[Date "2009.12.31"]
[Round "4"]
[White "Hawkins, Jonathan"]
[Black "Arkell, Keith C"]
[Result "1/2-1/2"]
[ECO "C10"]
[WhiteElo "2383"]
[BlackElo "2464"]
[PlyCount "24"]
[EventDate "2009.??.??"]
[SourceDate "2009.12.31"]
[TimeControl "40/6000+30:20/3000+30:900+30"]

1. d4 e6 2. e4 d5 3. Nd2 dxe4 4. Nxe4 Bd7 5. Nf3 Bc6 6. Bd3 Nd7 7. O-O Ngf6 8.
Ng3 Be7 9. c4 Bxf3 10. Qxf3 c6 11. b3 Qa5 12. Bb2 Ba3 1/2-1/2

[Event "Hastings Masters"]
[Site "?"]
[Date "2009.12.31"]
[Round "4"]
[White "CM Kwiatkowski, Feliks J"]
[Black "Hracek, Zbynek"]
[Result "0-1"]
[ECO "B85"]
[WhiteElo "2248"]
[BlackElo "2624"]
[PlyCount "60"]
[EventDate "2009.??.??"]
[SourceDate "2009.12.31"]
[TimeControl "40/6000+30:20/3000+30:900+30"]

1. e4 c5 2. Nf3 e6 3. d4 cxd4 4. Nxd4 a6 5. Nc3 d6 6. Be2 Nf6 7. f4 Be7 8. O-O
O-O 9. Kh1 Nc6 10. Be3 Bd7 11. Qe1 b5 12. a3 Qb8 13. Qg3 b4 14. axb4 Qxb4 15.
Rad1 Qxb2 16. Nxc6 Bxc6 17. Bd4 Qb7 18. Bf3 Rac8 19. Rfe1 a5 20. e5 dxe5 21.
fxe5 Nd7 22. Ne4 Bxe4 23. Rxe4 Qc7 24. Rg4 g6 25. Be4 Nc5 26. Rxg6+ fxg6 27.
Bxg6 Bh4 28. Qg4 hxg6 29. Bxc5 Qf7 30. Bxf8 Rxf8 0-1

[Event "Hastings Masters"]
[Site "?"]
[Date "2009.12.31"]
[Round "4"]
[White "Mitchell, Martin"]
[Black "Gormally, Daniel W"]
[Result "0-1"]
[ECO "E42"]
[WhiteElo "2195"]
[BlackElo "2479"]
[PlyCount "58"]
[EventDate "2009.??.??"]
[SourceDate "2009.12.31"]
[TimeControl "40/6000+30:20/3000+30:900+30"]

1. d4 Nf6 2. c4 e6 3. Nc3 Bb4 4. e3 c5 5. Nge2 cxd4 6. exd4 O-O 7. a3 Be7 8. d5
exd5 9. cxd5 Bc5 10. b4 Bd6 11. Nd4 a5 12. b5 Be5 13. Be2 d6 14. O-O Nbd7 15.
Be3 Nb6 16. Qb3 a4 17. Qa2 Ng4 18. Bxg4 Bxg4 19. f3 Bd7 20. Rac1 Re8 21. Ne4
Nc8 22. Rfe1 Ne7 23. g3 Qa5 24. Nc6 bxc6 25. bxc6 Bf5 26. Red1 Reb8 27. c7 Rb7
28. Bf4 Bxf4 29. gxf4 Rxc7 0-1